Workbook

Sheet BDI
B1: ESTADO DA PARAÍBA
B2: PREFEITURA MUNICIPAL DE PATOS
B3: OBRA: REFORMA DO ESTÁDIO MUNICIPAL
B4: DETALHAMENTO DO BDI
B6: ITEM | C6: DISCRIMINAÇÃO | E6: %
B7: AC | C7: Administração Central | E7: 5.5
B9: SG | C9: Seguros e Garantias | E9: 1
B11: R | C11: Risco | E11: 1.27
B13: DF | C13: Despesas Financeiras | E13: 1.36
B15: L | C15: Lucro Bruto | E15: 7.32
B17: I | C17: Impostos | E17: =D18+D19+D20 -> 6.15
C18: PIS | D18: 0.65
C19: COFINS | D19: 3
C20: ISS | D20: 2.5
C21: CONTRIB. PREV. SOBRE REC. BRUTA - CPRB | D21: 0
B22: FÓRMULA | C22: BDI = ((1+(AC/100+SG/100+R/100))*(1+DF/100)*(1+L/100))/(1-I/100)-1 | E22: =(((1+E7/100+E9/100+E11/100))*((1+E13/100)*(1+E15/100))/(1-E17/100)-1) -> 0.2491393

Sheet ORÇAMENTO
A7: OBRA: | C7: REFORMA DO ESTÁDIO JOSÉ CALVACANTI - ETAPA 02 | E7: MUNICÍPIO: | G7: PATOS - PB | K7: 342045.94
A8: REPASSE: | C8: 911877.39 | E8: ENDEREÇO: | G8: RUA HORÁCIO NÓBREGA
E9: Nº CONTRATO: | G9: 1058030-80
A10: TOTAL GERAL LOTE 3: | C10: =I15 -> 567377.33 | E10: DATA BASE: | G10: SINAPI SEM DESONERAÇÃO | I10: 44958 | K10: 496894.31
A11: QUANTITATIVOS E ORÇAMENTO BÁSICO
A12: ENCARGOS SOCIAIS DESONERADOS: 85,70%(HORA) | H12: BDI (%): | I12: =ROUND((BDI!$E$22)*100,2) -> 24.91
A14: ITEM | B14: FONTE | C14: CÓD. | D14: DISCRIMINAÇÃO | E14: UNID. | F14: QUANT. | G14: P. UNIT. SEM BDI (R$) | H14: P. UNIT. COM BDI (R$) | I14: SUB-TOTAL (R$) | J14: (%)em rel. ao total
A15: SUB-TOTAL........................................................................................................................................................................................................................................................ | I15: =ROUND((I16),2) -> 567377.33 | J15: =I15/$I$15 -> 1
A16: LOTE - 3 SERVIÇOS DIVERSOS | I16: =I17+I60++I98+I109+I115+I162 -> 567377.33 | J16: =I16/$I$15 -> 1
A17: 3 | B17: PROJETO DE PREVENÇÃO E COMBATE A INCÊNDIO (com BDI)........................................................................................................................................................... | I17: =I18+I22+I26+I29 -> 115078.78 | J17: =I17/$I$15 -> 0.20282583
A18: 3.1 | B18: LUMINÁRIAS E SINALIZAÇÕES (com BDI) ............................................................................................................................................................................ | I18: =ROUND((SUM(I19:I21)),2) -> 4704.42 | J18: =I18/$I$15 -> 0.0082915192
A19: 3.1.1 | B19: SINAPI | C19: 37556/INSUMO | D19: Placa de sinalizacao de seguranca contra incendio, fotoluminescente, quadrada, *20 x 20* cm, em pvc *2* mm anti-chamas (simbolos, cores e pictogramas conforme nbr 13434) | E19: UND | F19: 12 | G19: 20.24 | H19: =ROUND(((($I$12/100)+1)*G19),2) -> 25.28 | I19: =ROUND((H19*F19),2) -> 303.36 | J19: =I19/$I$15 -> 0.00053467064
A20: 3.1.2 | B20: SINAPI | C20: 37559/INSUMO | D20: Placa de sinalizacao de seguranca contra incendio, fotoluminescente, retangular, *12 x 40* cm, em pvc *2* mm anti-chamas (simbolos, cores e pictogramas conforme nbr 13434) | E20: UND | F20: 103 | G20: 24.83 | H20: =ROUND(((($I$12/100)+1)*G20),2) -> 31.02 | I20: =ROUND((H20*F20),2) -> 3195.06 | J20: =I20/$I$15 -> 0.0056312789
A21: 3.1.3 | B21: SINAPI | C21: 97599 | D21: LUMINÁRIA DE EMERGÊNCIA, COM 30 LÂMPADAS LED DE 2 W, SEM REATOR - FORNECIMENTO E INSTALAÇÃO. AF_02/2020 | E21: UND | F21: 40 | G21: 24.14 | H21: =ROUND(((($I$12/100)+1)*G21),2) -> 30.15 | I21: =ROUND((H21*F21),2) -> 1206 | J21: =I21/$I$15 -> 0.0021255696
A22: 3.2 | B22: SISTEMA DE ALARME (com BDI)................................................................................................................................................................................................ | I22: =ROUND((SUM(I23:I25)),2) -> 3061.24 | J22: =I22/$I$15 -> 0.0053954218
A23: 3.2.1 | B23: CPU/ PRÓPRIO | C23: ='CPU '!B16 -> 17 | D23: Sirene aúdiovisual endereçavel, 120db, para alarme de incêndio | E23: UND | F23: =MEMÓRIA_!B34 -> 6 | G23: =ROUND('CPU '!H16,2) -> 203.07 | H23: =ROUND(((($I$12/100)+1)*G23),2) -> 253.65 | I23: =TRUNC((H23*F23),2) -> 1521.9 | J23: =I23/$I$15 -> 0.0026823419
A24: 3.2.2 | B24: CPU/ PRÓPRIO | C24: ='CPU '!B23 -> 18 | D24: Acionador manual (botoeira) tipo quebra-vidro, p/instal. Incendio | E24: UND | F24: =MEMÓRIA_!B34 -> 6 | G24: ='CPU '!H23 -> 135.61 | H24: =ROUND(((($I$12/100)+1)*G24),2) -> 169.39 | I24: =TRUNC((H24*F24),2) -> 1016.34 | J24: =I24/$I$15 -> 0.0017912947
A25: 3.2.3 | B25: CPU/ PRÓPRIO | C25: ='CPU '!B30 -> 19 | D25: Central de alarme e detecção de incendio, capacidade: 8 laços, com 2 linhas, mod.VR-8L, Verin ou similar | E25: UND | F25: =MEMÓRIA_!B41 -> 1 | G25: ='CPU '!H30 -> 418.7 | H25: =ROUND(((($I$12/100)+1)*G25),2) -> 523 | I25: =TRUNC((H25*F25),2) -> 523 | J25: =I25/$I$15 -> 0.00092178515
A26: 3.3 | B26: GUARDA-PORPO E CORRIMÃO (com BDI)............................................................................................................................................................................. | I26: =ROUND((SUM(I27:I28)),2) -> 56319.17 | J26: =I26/$I$15 -> 0.099262285
A27: 3.3.1 | B27: CPU/ PRÓPRIO | C27: ='CPU '!B36 -> 20 | D27: ='CPU '!C36 -> Guarda-corpo em tubo de aço galvanizado (h=90 cm), com barras superior e laterais (contornos) de (1.1/2") e barra verticais quadrada (3/4") a cada 15cm - chumbados com parabolt - conforme PPCI | E27: M | F27: 72.45 | G27: ='CPU '!H36 -> 477.73 | H27: =ROUND(((($I$12/100)+1)*G27),2) -> 596.73 | I27: =ROUND((H27*F27),2) -> 43233.09 | J27: =I27/$I$15 -> 0.076198127
A28: 3.3.2 | B28: SINAPI | C28: 99855 | D28: CORRIMÃO SIMPLES, DIÂMETRO EXTERNO = 1 1/2", EM AÇO GALVANIZADO. AF_04/2019_P | E28: M | F28: 104.23 | G28: 100.51 | H28: =ROUND(((($I$12/100)+1)*G28),2) -> 125.55 | I28: =ROUND((H28*F28),2) -> 13086.08 | J28: =I28/$I$15 -> 0.023064157
A29: 3.4 | B29: INSTALAÇÕES ELÉTRICAS DO PPCI (com BDI)............................................................................................................................................................................... | I29: =ROUND((SUM(I30:I59)),2) -> 50993.95 | J29: =I29/$I$15 -> 0.089876608
A30: 3.4.1 | B30: SINAPI | C30: 104473 | D30: COMPOSIÇÃO PARAMÉTRICA DE PONTO ELÉTRICO DE ILUMINAÇÃO, COM INTERRUPTO SIMPLES, EM EDIFÍCIO RESIDENCIAL COM ELETRODUTO EMBUTIDO EM RASGOS NAS PAREDES, INCLUSO TOMADA, ELETRODUTO, CABO, RASGO E CHUMBAMENTO (SEM LUMINÁRIA E LÂMPADA). AF_11/2022 | E30: UND | F30: 45 | G30: 130.1 | H30: =ROUND(((($I$12/100)+1)*G30),2) -> 162.51 | I30: =ROUND((H30*F30),2) -> 7312.95 | J30: =I30/$I$15 -> 0.012889042
A31: 3.4.2 | B31: SINAPI | C31: 91844 | D31: ELETRODUTO FLEXÍVEL CORRUGADO, PVC, DN 25 MM (3/4"), PARA CIRCUITOS TERMINAIS - FORNECIMENTO E INSTALAÇÃO. AF_12/2015 | E31: M | F31: 670.5 | G31: 6.5 | H31: =ROUND(((($I$12/100)+1)*G31),2) -> 8.12 | I31: =ROUND((H31*F31),2) -> 5444.46 | J31: =I31/$I$15 -> 0.0095958363
A32: 3.4.3 | B32: SINAPI | C32: 91846 | D32: ELETRODUTO FLEXÍVEL CORRUGADO, PVC, DN 32 MM (1"), PARA CIRCUITOS TERMINAIS - FORNECIMENTO E INSTALAÇÃO. AF_12/2015 | E32: M | F32: 65.5 | G32: 9.42 | H32: =ROUND(((($I$12/100)+1)*G32),2) -> 11.77 | I32: =ROUND((H32*F32),2) -> 770.94 | J32: =I32/$I$15 -> 0.0013587783
A33: 3.4.4 | B33: SINAPI | C33: 91866 | D33: ELETRODUTO RÍGIDO ROSCÁVEL, PVC, DN 20 MM (1/2"), PARA CIRCUITOS TERMINAIS - FORNECIMENTO E INSTALAÇÃO. AF_12/2015 | E33: M | F33: 1 | G33: 7.64 | H33: =ROUND(((($I$12/100)+1)*G33),2) -> 9.54 | I33: =ROUND((H33*F33),2) -> 9.54 | J33: =I33/$I$15 -> 1.6814207e-05
A34: 3.4.5 | B34: SINAPI | C34: 91867 | D34: ELETRODUTO RÍGIDO ROSCÁVEL, PVC, DN 25 MM (3/4"), PARA CIRCUITOS TERMINAIS - FORNECIMENTO E INSTALAÇÃO. AF_12/2015 | E34: M | F34: 1 | G34: 9.35 | H34: =ROUND(((($I$12/100)+1)*G34),2) -> 11.68 | I34: =ROUND((H34*F34),2) -> 11.68 | J34: =I34/$I$15 -> 2.0585948e-05
A35: 3.4.6 | B35: SINAPI | C35: 91868 | D35: ELETRODUTO RÍGIDO ROSCÁVEL, PVC, DN 32 MM (1"), PARA CIRCUITOS TERMINAIS - FORNECIMENTO E INSTALAÇÃO. AF_12/2015 | E35: M | F35: 114.2 | G35: 13.27 | H35: =ROUND(((($I$12/100)+1)*G35),2) -> 16.58 | I35: =ROUND((H35*F35),2) -> 1893.44 | J35: =I35/$I$15 -> 0.0033371795
A36: 3.4.7 | B36: SINAPI | C36: 91869 | D36: ELETRODUTO RÍGIDO ROSCÁVEL, PVC, DN 40 MM (1 1/4"), PARA CIRCUITOS TERMINAIS - FORNECIMENTO E INSTALAÇÃO. AF_12/2015 | E36: M | F36: 53.8 | G36: 17.12 | H36: =ROUND(((($I$12/100)+1)*G36),2) -> 21.38 | I36: =ROUND((H36*F36),2) -> 1150.24 | J36: =I36/$I$15 -> 0.0020272928
A37: 3.4.8 | B37: SINAPI | C37: 93008 | D37: ELETRODUTO RÍGIDO ROSCÁVEL, PVC, DN 50 MM (1 1/2") - FORNECIMENTO E INSTALAÇÃO. AF_12/2015 | E37: M | F37: 22.7 | G37: 17.46 | H37: =ROUND(((($I$12/100)+1)*G37),2) -> 21.81 | I37: =ROUND((H37*F37),2) -> 495.09 | J37: =I37/$I$15 -> 0.00087259391
A38: 3.4.9 | B38: CPU/ PRÓPRIO | C38: 21 | D38: Curva 45° para eletroduto de pvc rígido roscável, diâm = 32mm | E38: UND | F38: 4 | G38: ='CPU '!H47 -> 7.29 | H38: =ROUND(((($I$12/100)+1)*G38),2) -> 9.11 | I38: =ROUND((H38*F38),2) -> 36.44 | J38: =I38/$I$15 -> 6.4225337e-05
A39: 3.4.10 | B39: SINAPI | C39: 91899 | D39: CURVA 90 GRAUS PARA ELETRODUTO, PVC, ROSCÁVEL, DN 20 MM (1/2"), PARA CIRCUITOS TERMINAIS, INSTALADA EM LAJE - FORNECIMENTO E INSTALAÇÃO. AF_12/2015 | E39: UND | F39: 2 | G39: 8.19 | H39: =ROUND(((($I$12/100)+1)*G39),2) -> 10.23 | I39: =ROUND((H39*F39),2) -> 20.46 | J39: =I39/$I$15 -> 3.6060658e-05
A40: 3.4.11 | B40: SINAPI | C40: 91878 | D40: LUVA PARA ELETRODUTO, PVC, ROSCÁVEL, DN 20 MM (1/2"), PARA CIRCUITOS TERMINAIS, INSTALADA EM LAJE - FORNECIMENTO E INSTALAÇÃO. AF_12/2015 | E40: UND | F40: 2 | G40: 9.91 | H40: =ROUND(((($I$12/100)+1)*G40),2) -> 12.38 | I40: =ROUND((H40*F40),2) -> 24.76 | J40: =I40/$I$15 -> 4.3639389e-05
A41: 3.4.12 | B41: SINAPI | C41: 91880 | D41: LUVA PARA ELETRODUTO, PVC, ROSCÁVEL, DN 32 MM (1"), PARA CIRCUITOS TERMINAIS, INSTALADA EM LAJE - FORNECIMENTO E INSTALAÇÃO. AF_12/2015 | E41: UND | F41: 37 | G41: 7.63 | H41: =ROUND(((($I$12/100)+1)*G41),2) -> 9.53 | I41: =ROUND((H41*F41),2) -> 352.61 | J41: =I41/$I$15 -> 0.00062147354
A42: 3.4.13 | B42: SINAPI | C42: 91881 | D42: LUVA PARA ELETRODUTO, PVC, ROSCÁVEL, DN 40 MM (1 1/4"), PARA CIRCUITOS TERMINAIS, INSTALADA EM LAJE - FORNECIMENTO E INSTALAÇÃO. AF_12/2015 | E42: UND | F42: 16 | G42: 9.63 | H42: =ROUND(((($I$12/100)+1)*G42),2) -> 12.03 | I42: =ROUND((H42*F42),2) -> 192.48 | J42: =I42/$I$15 -> 0.00033924514
A43: 3.4.14 | B43: SINAPI | C43: 93013 | D43: LUVA PARA ELETRODUTO, PVC, ROSCÁVEL, DN 50 MM (1 1/2") - FORNECIMENTO E INSTALAÇÃO. AF_12/2015 | E43: UND | F43: 7 | G43: 10.95 | H43: =ROUND(((($I$12/100)+1)*G43),2) -> 13.68 | I43: =ROUND((H43*F43),2) -> 95.76 | J43: =I43/$I$15 -> 0.00016877657
A44: 3.4.15 | B44: SINAPI | C44: 2638 | D44: LUVA PARA ELETRODUTO, EM ACO GALVANIZADO ELETROLITICO, DIAMETRO DE 25 MM (1") | E44: UND | F44: 10 | G44: 2.42 | H44: =ROUND(((($I$12/100)+1)*G44),2) -> 3.02 | I44: =ROUND((H44*F44),2) -> 30.2 | J44: =I44/$I$15 -> 5.3227365e-05
A45: 3.4.16 | B45: SINAPI | C45: 2644 | D45: LUVA PARA ELETRODUTO, EM ACO GALVANIZADO ELETROLITICO, DIAMETRO DE 40 MM (1 UN 6,23 1/2") | E45: UND | F45: 2 | G45: 6.23 | H45: =ROUND(((($I$12/100)+1)*G45),2) -> 7.78 | I45: =ROUND((H45*F45),2) -> 15.56 | J45: =I45/$I$15 -> 2.742443e-05
A46: 3.4.17 | B46: SINAPI | C46: 91927 | D46: CABO DE COBRE FLEXÍVEL ISOLADO, 2,5 MM², ANTI-CHAMA 0,6/1,0 KV, PARA CIRCUITOS TERMINAIS - FORNECIMENTO E INSTALAÇÃO. AF_12/2015 | E46: M | F46: 1033.8 | G46: 4.29 | H46: =ROUND(((($I$12/100)+1)*G46),2) -> 5.36 | I46: =ROUND((H46*F46),2) -> 5541.17 | J46: =I46/$I$15 -> 0.0097662873
A47: 3.4.18 | B47: SINAPI | C47: 91929 | D47: CABO DE COBRE FLEXÍVEL ISOLADO, 4 MM², ANTI-CHAMA 0,6/1,0 KV, PARA CIRCUITOS TERMINAIS - FORNECIMENTO E INSTALAÇÃO. AF_12/2015 | E47: M | F47: 2228.5 | G47: 6.35 | H47: =ROUND(((($I$12/100)+1)*G47),2) -> 7.93 | I47: =ROUND((H47*F47),2) -> 17672.01 | J47: =I47/$I$15 -> 0.031146838
A48: 3.4.19 | B48: SINAPI | C48: 91931 | D48: CABO DE COBRE FLEXÍVEL ISOLADO, 6 MM², ANTI-CHAMA 0,6/1,0 KV, PARA CIRCUITOS TERMINAIS - FORNECIMENTO E INSTALAÇÃO. AF_12/2015 | E48: M | F48: 665 | G48: 8.96 | H48: =ROUND(((($I$12/100)+1)*G48),2) -> 11.19 | I48: =ROUND((H48*F48),2) -> 7441.35 | J48: =I48/$I$15 -> 0.013115346
A49: 3.4.20 | B49: SINAPI | C49: 91935 | D49: CABO DE COBRE FLEXÍVEL ISOLADO, 16 MM², ANTI-CHAMA 0,6/1,0 KV, PARA CIRCUITOS TERMINAIS - FORNECIMENTO E INSTALAÇÃO. AF_12/2015 | E49: M | F49: 30.6 | G49: 22.56 | H49: =ROUND(((($I$12/100)+1)*G49),2) -> 28.18 | I49: =ROUND((H49*F49),2) -> 862.31 | J49: =I49/$I$15 -> 0.0015198175
A50: 3.4.21 | B50: SINAPI | C50: 41480/INSUMO | D50: CAIXA DE INSPECAO PARA ATERRAMENTO OU OUTRO USO, EM PVC, DN = 250 X 250 MM | E50: UND | F50: 5 | G50: 42.81 | H50: =ROUND(((($I$12/100)+1)*G50),2) -> 53.47 | I50: =ROUND((H50*F50),2) -> 267.35 | J50: =I50/$I$15 -> 0.00047120318
A51: 3.4.22 | B51: SINAPI | C51: 41474/INSUMO | D51: CAIXA DE INSPECAO PARA ATERRAMENTO OU OUTRO USO, EM PVC, DN = 300 X *300* MM | E51: UND | F51: 3 | G51: 68.39 | H51: =ROUND(((($I$12/100)+1)*G51),2) -> 85.43 | I51: =ROUND((H51*F51),2) -> 256.29 | J51: =I51/$I$15 -> 0.00045170998
A52: 3.4.23 | B52: SINAPI | C52: 93653 | D52: DISJUNTOR MONOPOLAR TIPO DIN, CORRENTE NOMINAL DE 10A - FORNECIMENTO E INSTALAÇÃO. AF_10/2020 | E52: UND | F52: 6 | G52: 10.4 | H52: =ROUND(((($I$12/100)+1)*G52),2) -> 12.99 | I52: =ROUND((H52*F52),2) -> 77.94 | J52: =I52/$I$15 -> 0.0001373689
A53: 3.4.24 | B53: SINAPI | C53: 93655 | D53: DISJUNTOR MONOPOLAR TIPO DIN, CORRENTE NOMINAL DE 20A - FORNECIMENTO E INSTALAÇÃO. AF_10/2020 | E53: UND | F53: 1 | G53: 11.9 | H53: =ROUND(((($I$12/100)+1)*G53),2) -> 14.86 | I53: =ROUND((H53*F53),2) -> 14.86 | J53: =I53/$I$15 -> 2.6190683e-05
A54: 3.4.25 | B54: SINAPI | C54: 93656 | D54: DISJUNTOR MONOPOLAR TIPO DIN, CORRENTE NOMINAL DE 25A - FORNECIMENTO E INSTALAÇÃO. AF_10/2020 | E54: UND | F54: 1 | G54: 11.9 | H54: =ROUND(((($I$12/100)+1)*G54),2) -> 14.86 | I54: =ROUND((H54*F54),2) -> 14.86 | J54: =I54/$I$15 -> 2.6190683e-05
A55: 3.4.26 | B55: SINAPI | C55: 93673 | D55: DISJUNTOR TRIPOLAR TIPO DIN, CORRENTE NOMINAL DE 50A - FORNECIMENTO E INSTALAÇÃO. AF_10/2020 | E55: UND | F55: 1 | G55: 84.93 | H55: =ROUND(((($I$12/100)+1)*G55),2) -> 106.09 | I55: =ROUND((H55*F55),2) -> 106.09 | J55: =I55/$I$15 -> 0.00018698315
A56: 3.4.27 | B56: CPU/ PRÓPRIO | C56: ='CPU '!B55 -> 22 | D56: Quadro de distribuição de embutir, em chapa de aço, para até 08 disjuntores, com barramento, padrão DIN, exclusive disjuntores | E56: UND | F56: 1 | G56: ='CPU '!H55 -> 228.74 | H56: =ROUND(((($I$12/100)+1)*G56),2) -> 285.72 | I56: =ROUND((H56*F56),2) -> 285.72 | J56: =I56/$I$15 -> 0.00050358022
A57: 3.4.28 | B57: SINAPI | C57: 101875 | D57: QUADRO DE DISTRIBUIÇÃO DE ENERGIA EM CHAPA DE AÇO GALVANIZADO, DE EMBUTIR, COM BARRAMENTO TRIFÁSICO, PARA 12 DISJUNTORES DIN 100A - FORNECIMENTO E INSTALAÇÃO. AF_10/2020 | E57: UND | F57: 1 | G57: 365.28 | H57: =ROUND(((($I$12/100)+1)*G57),2) -> 456.27 | I57: =ROUND((H57*F57),2) -> 456.27 | J57: =I57/$I$15 -> 0.00080417383
A58: 3.4.29 | B58: SINAPI | C58: 96985 | D58: HASTE DE ATERRAMENTO 5/8 - FORNECIMENTO E INSTALAÇÃO. AF_12/2017 | E58: UND | F58: 1 | G58: 67.96 | H58: =ROUND(((($I$12/100)+1)*G58),2) -> 84.89 | I58: =ROUND((H58*F58),2) -> 84.89 | J58: =I58/$I$15 -> 0.00014961824
A59: 3.4.30 | B59: SINAPI | C59: 98111 | D59: CAIXA DE INSPEÇÃO PARA ATERRAMENTO, CIRCULAR, EM POLIETILENO, DIÂMETRO INTERNO = 0,3 M. AF_12/2020 | E59: UND | F59: 1 | G59: 45.02 | H59: =ROUND(((($I$12/100)+1)*G59),2) -> 56.23 | I59: =ROUND((H59*F59),2) -> 56.23 | J59: =I59/$I$15 -> 9.9105123e-05
A60: 3.5 | B60: VESTIÁRIOS (com BDI) ............................................................................................................................................................................................................................. | I60: =ROUND((SUM(I61,I70,I75,I83,I86,I91)),2) -> 133188.22 | J60: =I60/$I$15 -> 0.23474364 | K60: =(I61+I70+I75+I83+I86+I91) -> 133188.22
A61: 3.5.1 | B61: DEMOLIÇÕES / RETIRADAS e TRANSPORTE (com BDI) ..................................................................................................................................................................................................... | I61: =ROUND((SUM(I62:I69)),2) -> 2270.44 | J61: =I61/$I$15 -> 0.0040016403
A62: 3.5.1.1 | B62: SINAPI | C62: 97622 | D62: DEMOLIÇÃO DE ALVENARIA DE BLOCO FURADO, DE FORMA MANUAL, SEM REAPROVEITAMENTO. AF_12/2017 | E62: M3 | F62: =ROUND(MEMÓRIA_!B132,2) -> 1.37 | G62: 45.09 | H62: =ROUND(((($I$12/100)+1)*G62),2) -> 56.32 | I62: =ROUND((H62*F62),2) -> 77.16 | J62: =I62/$I$15 -> 0.00013599415
A63: 3.5.1.2 | B63: SINAPI | C63: 97645 | D63: REMOÇÃO DE JANELAS, DE FORMA MANUAL, SEM REAPROVEITAMENTO. AF_12/2017 | E63: M2 | F63: =MEMÓRIA_!B135 -> 0.72 | G63: 29.24 | H63: =ROUND(((($I$12/100)+1)*G63),2) -> 36.52 | I63: =ROUND((H63*F63),2) -> 26.29 | J63: =I63/$I$15 -> 4.6336007e-05
A64: 3.5.1.3 | B64: SINAPI | C64: 97644 | D64: REMOÇÃO DE PORTAS, DE FORMA MANUAL, SEM REAPROVEITAMENTO. AF_12/2017 | E64: M2 | F64: =MEMÓRIA_!B142 -> 10 | G64: 7.34 | H64: =ROUND(((($I$12/100)+1)*G64),2) -> 9.17 | I64: =ROUND((H64*F64),2) -> 91.7 | J64: =I64/$I$15 -> 0.00016162084
A65: 3.5.1.4 | B65: SINAPI | C65: 97666 | D65: REMOÇÃO DE METAIS SANITÁRIOS, DE FORMA MANUAL, SEM REAPROVEITAMENTO. AF_12/2017 | E65: UND | F65: =MEMÓRIA_!B146 -> 8 | G65: 7.08 | H65: =ROUND(((($I$12/100)+1)*G65),2) -> 8.84 | I65: =ROUND((H65*F65),2) -> 70.72 | J65: =I65/$I$15 -> 0.00012464368
A66: 3.5.1.5 | B66: SINAPI | C66: 97629 | D66: DEMOLIÇÃO DE LAJES, DE FORMA MECANIZADA COM MARTELETE, SEM REAPROVEITAMENTO. AF_12/2017 | E66: M3 | F66: =ROUND(MEMÓRIA_!B151,2) -> 2.13 | G66: 102.69 | H66: =ROUND(((($I$12/100)+1)*G66),2) -> 128.27 | I66: =ROUND((H66*F66),2) -> 273.22 | J66: =I66/$I$15 -> 0.00048154902
A67: 3.5.1.6 | B67: SINAPI | C67: 97631 | D67: DEMOLIÇÃO DE ARGAMASSAS, DE FORMA MANUAL, SEM REAPROVEITAMENTO. AF_12/2017 | E67: M2 | F67: =ROUND(MEMÓRIA_!B168,2) -> 298.92 | G67: 2.63 | H67: =ROUND(((($I$12/100)+1)*G67),2) -> 3.29 | I67: =ROUND((H67*F67),2) -> 983.45 | J67: =I67/$I$15 -> 0.0017333262
A68: 3.5.1.7 | B68: CPU/ PRÓPRIO | C68: 23 | D68: Coleta e carga manuais de entulho | E68: M3 | F68: =MEMÓRIA_!B171 -> 9.471731 | G68: ='CPU '!H64 -> 17.27 | H68: =ROUND(((($I$12/100)+1)*G68),2) -> 21.57 | I68: =ROUND((H68*F68),2) -> 204.31 | J68: =I68/$I$15 -> 0.00036009546
A69: 3.5.1.8 | B69: SINAPI | C69: 95875 | D69: TRANSPORTE COM CAMINHÃO BASCULANTE DE 10 M³, EM VIA URBANA PAVIMENTADA, DMT ATÉ 30 KM (UNIDADE: M3XKM). AF_07/2020 | E69: M³xKM | F69: =MEMÓRIA_!B173 -> 189.40462 | G69: 2.3 | H69: =ROUND(((($I$12/100)+1)*G69),2) -> 2.87 | I69: =ROUND((H69*F69),2) -> 543.59 | J69: =I69/$I$15 -> 0.00095807494
A70: 3.5.2 | B70: ELEVAÇÃO (com BDI) ........................................................................................................................................................................................................................... | I70: =ROUND((SUM(I71:I74)),2) -> 3830.95 | J70: =I70/$I$15 -> 0.0067520322
A71: 3.5.2.1 | B71: SINAPI | C71: 101964 | D71: LAJE PRÉ-MOLDADA UNIDIRECIONAL, BIAPOIADA, PARA FORRO, ENCHIMENTO EM CERÂMICA, VIGOTA CONVENCIONAL, ALTURA TOTAL DA LAJE (ENCHIMENTO+CAPA) = (8+3). AF_11/2020 | E71: M2 | F71: =ROUND(MEMÓRIA_!B177,2) -> 14.18 | G71: 155.43 | H71: =ROUND(((($I$12/100)+1)*G71),2) -> 194.15 | I71: =ROUND((H71*F71),2) -> 2753.05 | J71: =I71/$I$15 -> 0.0048522383
A72: 3.5.2.2 | B72: SINAPI | C72: 87894 | D72: CHAPISCO APLICADO EM ALVENARIA (SEM PRESENÇA DE VÃOS) E ESTRUTURAS DE CONCRETO DE FACHADA, COM COLHER DE PEDREIRO. ARGAMASSA TRAÇO 1:3 COMPREPARO EM BETONEIRA 400L. AF_06/2014 | E72: M2 | F72: =ROUND(MEMÓRIA_!B179,2) -> 14.18 | G72: 5.66 | H72: =ROUND(((($I$12/100)+1)*G72),2) -> 7.07 | I72: =ROUND((H72*F72),2) -> 100.25 | J72: =I72/$I$15 -> 0.00017669018
A73: 3.5.2.3 | B73: SINAPI | C73: 87529 | D73: MASSA ÚNICA, PARA RECEBIMENTO DE PINTURA, EM ARGAMASSA TRAÇO 1:2:8, PREPARO MECÂNICO COM BETONEIRA 400L, APLICADA MANUALMENTE EM FACES INTERNAS DE PAREDES, ESPESSURA DE 20MM, COM EXECUÇÃO DE TALISCAS. AF_06/2014 | E73: M2 | F73: =ROUND(MEMÓRIA_!B181,2) -> 14.18 | G73: 31.81 | H73: =ROUND(((($I$12/100)+1)*G73),2) -> 39.73 | I73: =ROUND((H73*F73),2) -> 563.37 | J73: =I73/$I$15 -> 0.0009929371
A74: 3.5.2.4 | B74: SINAPI | C74: 88489 | D74: APLICAÇÃO MANUAL DE PINTURA COM TINTA LÁTEX ACRÍLICA EM PAREDES, DUAS DEMÃOS. AF_06/2014 | E74: M2 | F74: =MEMÓRIA_!B183 -> 28.356 | G74: 11.7 | H74: =ROUND(((($I$12/100)+1)*G74),2) -> 14.61 | I74: =ROUND((H74*F74),2) -> 414.28 | J74: =I74/$I$15 -> 0.00073016664
A75: 3.5.3 | B75: REVESTIMENTOS (com BDI) .............................................................................................................................................................................................................. | I75: =ROUND((SUM(I76:I82)),2) -> 90365.2 | J75: =I75/$I$15 -> 0.15926826
A76: 3.5.3.1 | B76: CPU/ PRÓPRIO | C76: ='CPU '!B70 -> 24 | D76: Preparo de superfície com lixamento de paredes e tetos | E76: M2 | F76: =ROUND(MEMÓRIA_!B190,2) -> 2675.24 | G76: ='CPU '!H70 -> 3.5 | H76: =ROUND(((($I$12/100)+1)*G76),2) -> 4.37 | I76: =ROUND((H76*F76),2) -> 11690.8 | J76: =I76/$I$15 -> 0.020604983
A77: 3.5.3.2 | B77: SINAPI | C77: 88495 | D77: APLICAÇÃO E LIXAMENTO DE MASSA LÁTEX EM PAREDES, UMA DEMÃO. AF_06/2014 | E77: M2 | F77: =ROUND(MEMÓRIA_!B234,2) -> 1123.3 | G77: 10.09 | H77: =ROUND(((($I$12/100)+1)*G77),2) -> 12.6 | I77: =ROUND((H77*F77),2) -> 14153.58 | J77: =I77/$I$15 -> 0.024945621
A78: 3.5.3.3 | B78: SINAPI | C78: 87894 | D78: CHAPISCO APLICADO EM ALVENARIA (SEM PRESENÇA DE VÃOS) E ESTRUTURAS DE CONCRETO DE FACHADA, COM COLHER DE PEDREIRO. ARGAMASSA TRAÇO 1:3 COMPREPARO EM BETONEIRA 400L. AF_06/2014 | E78: M2 | F78: =ROUND(MEMÓRIA_!B238,2) -> 298.92 | G78: 5.2 | H78: =ROUND(((($I$12/100)+1)*G78),2) -> 6.5 | I78: =ROUND((H78*F78),2) -> 1942.98 | J78: =I78/$I$15 -> 0.0034244935
A79: 3.5.3.4 | B79: SINAPI | C79: 87529 | D79: MASSA ÚNICA, PARA RECEBIMENTO DE PINTURA, EM ARGAMASSA TRAÇO 1:2:8, PREPARO MECÂNICO COM BETONEIRA 400L, APLICADA MANUALMENTE EM FACES INTERNAS DE PAREDES, ESPESSURA DE 20MM, COM EXECUÇÃO DE TALISCAS. AF_06/2014 | E79: M2 | F79: =ROUND(MEMÓRIA_!B240,2) -> 298.92 | G79: 31.81 | H79: =ROUND(((($I$12/100)+1)*G79),2) -> 39.73 | I79: =ROUND((H79*F79),2) -> 11876.09 | J79: =I79/$I$15 -> 0.020931555
A80: 3.5.3.5 | B80: SINAPI | C80: 88489 | D80: APLICAÇÃO MANUAL DE PINTURA COM TINTA LÁTEX ACRÍLICA EM PAREDES, DUAS DEMÃOS. AF_06/2014 | E80: M2 | F80: =ROUND(MEMÓRIA_!B248,2) -> 2341.46 | G80: 11.7 | H80: =ROUND(((($I$12/100)+1)*G80),2) -> 14.61 | I80: =ROUND((H80*F80),2) -> 34208.73 | J80: =I80/$I$15 -> 0.060292733
A81: 3.5.3.6 | B81: SINAPI | C81: 88496 | D81: APLICAÇÃO E LIXAMENTO DE MASSA LÁTEX EM TETO, DUAS DEMÃOS. AF_06/2014 | E81: M2 | F81: =MEMÓRIA_!B261 -> 344.97 | G81: 24.91 | H81: =ROUND(((($I$12/100)+1)*G81),2) -> 31.12 | I81: =ROUND((H81*F81),2) -> 10735.47 | J81: =I81/$I$15 -> 0.018921218
A82: 3.5.3.7 | B82: SINAPI | C82: 88488 | D82: APLICAÇÃO MANUAL DE PINTURA COM TINTA LÁTEX ACRÍLICA EM TETO, DUAS DEMÃOS. AF_06/2014 | E82: M2 | F82: =MEMÓRIA_!B267 -> 344.97 | G82: 13.36 | H82: =ROUND(((($I$12/100)+1)*G82),2) -> 16.69 | I82: =ROUND((H82*F82),2) -> 5757.55 | J82: =I82/$I$15 -> 0.010147656
A83: 3.5.4 | B83: ESQUADRIAS (com BDI) .......................................................................................................................................................................................................... | I83: =ROUND((SUM(I84:I85)),2) -> 12373.69 | J83: =I83/$I$15 -> 0.021808573
A84: 3.5.4.1 | B84: SINAPI | C84: 91341 | D84: PORTA EM ALUMÍNIO DE ABRIR TIPO VENEZIANA COM GUARNIÇÃO, FIXAÇÃO COM PARAFUSOS - FORNECIMENTO E INSTALAÇÃO. AF_08/2015 | E84: M2 | F84: =MEMÓRIA_!B273 -> 10 | G84: 933.98 | H84: =ROUND(((($I$12/100)+1)*G84),2) -> 1166.63 | I84: =ROUND((H84*F84),2) -> 11666.3 | J84: =I84/$I$15 -> 0.020561801 | K84: 932.71
A85: 3.5.4.2 | B85: SINAPI | C85: 94570 | D85: JANELA DE ALUMÍNIO DE CORRER COM 2 FOLHAS PARA VIDROS, COM VIDROS, BATENTE, ACABAMENTO COM ACETATO OU BRILHANTE E FERRAGENS. EXCLUSIVE ALIZAR E CONTRAMARCO. FORNECIMENTO E INSTALAÇÃO. AF_12/2019 | E85: M2 | F85: =MEMÓRIA_!B276 -> 0.72 | G85: 786.55 | H85: =ROUND(((($I$12/100)+1)*G85),2) -> 982.48 | I85: =ROUND((H85*F85),2) -> 707.39 | J85: =I85/$I$15 -> 0.0012467717 | K85: 784.82
A86: 3.5.5 | B86: INSTALAÇÕES HIDROSSANITÁRIAS (com BDI) ............................................................................................................................................................................ | I86: =ROUND((SUM(I87:I90)),2) -> 17179.44 | J86: =I86/$I$15 -> 0.030278686
A87: 3.5.5.1 | B87: CPU/ PRÓPRIO | C87: ='CPU '!B76 -> 25 | D87: Revisão de ponto de água | E87: PT | F87: =MEMÓRIA_!B288 -> 34 | G87: ='CPU '!H76 -> 78.23 | H87: =ROUND(((($I$12/100)+1)*G87),2) -> 97.72 | I87: =ROUND((H87*F87),2) -> 3322.48 | J87: =I87/$I$15 -> 0.0058558561
A88: 3.5.5.2 | B88: CPU/ PRÓPRIO | C88: ='CPU '!B83 -> 26 | D88: Revisão de ponto de esgoto | E88: PT | F88: =MEMÓRIA_!B299 -> 34 | G88: ='CPU '!H83 -> 103 | H88: =ROUND(((($I$12/100)+1)*G88),2) -> 128.66 | I88: =ROUND((H88*F88),2) -> 4374.44 | J88: =I88/$I$15 -> 0.0077099309
A89: 3.5.5.3 | B89: CPU/ PRÓPRIO | C89: ='CPU '!B90 -> 27 | D89: Lavatório com bancada em granito cinza andorinha, e = 2cm, dim 2.40x0.60, com 03 cubas de embutir de louça, sifão ajustável metalizado, válvula cromada, torneira cromada, inclusive rodopia 10 cm, assentada | E89: UND | F89: =MEMÓRIA_!B302 -> 2 | G89: ='CPU '!H90 -> 2824.85 | H89: =ROUND(((($I$12/100)+1)*G89),2) -> 3528.52 | I89: =ROUND((H89*F89),2) -> 7057.04 | J89: =I89/$I$15 -> 0.012438001
A90: 3.5.5.4 | B90: CPU/ PRÓPRIO | C90: 28 | D90: Lavatório com bancada em granito cinza andorinha, e = 2cm, dim 1,50x0,60, com 02 cubas de embutir de louça, sifão cromado, válvula cromada, torneira cromada, inclusive rodopia 10 cm, assentada | E90: UND | F90: =MEMÓRIA_!B304 -> 1 | G90: ='CPU '!H105 -> 1941.78 | H90: =ROUND(((($I$12/100)+1)*G90),2) -> 2425.48 | I90: =ROUND((H90*F90),2) -> 2425.48 | J90: =I90/$I$15 -> 0.0042748976
A91: 3.5.6 | B91: INSTALAÇÕES ELÉTRICAS(com BDI) ................................................................................................................................................................................................. | I91: =ROUND((SUM(I92:I97)),2) -> 7168.5 | J91: =I91/$I$15 -> 0.012634449
A92: 3.5.6.1 | B92: CPU/ PRÓPRIO | C92: 29 | D92: Revisão de ponto de interruptor simples com reposição do interruptor e fiação | E92: PT | F92: =MEMÓRIA_!B310 -> 7 | G92: ='CPU '!H120 -> 98.37 | H92: =ROUND(((($I$12/100)+1)*G92),2) -> 122.87 | I92: =ROUND((H92*F92),2) -> 860.09 | J92: =I92/$I$15 -> 0.0015159048
A93: 3.5.6.2 | B93: CPU/ PRÓPRIO | C93: 30 | D93: Revisão de ponto de luz, em teto ou parede, com substituição para LUMINARIA TIPO CALHA DE SOBREPOR EM CHAPA DE ACO ALETADA COM 2 LAMPADAS 18 w | E93: PT | F93: =MEMÓRIA_!B321 -> 30 | G93: ='CPU '!H128 -> 129.11 | H93: =ROUND(((($I$12/100)+1)*G93),2) -> 161.27 | I93: =ROUND((H93*F93),2) -> 4838.1 | J93: =I93/$I$15 -> 0.0085271296
A94: 3.5.6.3 | B94: CPU/ PRÓPRIO | C94: 31 | D94: Revisão de ponto de interruptor duplo com reposição do interruptor e fiação | E94: PT | F94: =MEMÓRIA_!B325 -> 2 | G94: ='CPU '!H139 -> 105.4 | H94: =ROUND(((($I$12/100)+1)*G94),2) -> 131.66 | I94: =ROUND((H94*F94),2) -> 263.32 | J94: =I94/$I$15 -> 0.00046410032
A95: 3.5.6.4 | B95: CPU/ PRÓPRIO | C95: 32 | D95: Revisão de ponto de tomada simples com reposição da tomada e fiação | E95: PT | F95: =MEMÓRIA_!B330 -> 5 | G95: ='CPU '!H147 -> 104.44 | H95: =ROUND(((($I$12/100)+1)*G95),2) -> 130.46 | I95: =ROUND((H95*F95),2) -> 652.3 | J95: =I95/$I$15 -> 0.0011496758
A96: 3.5.6.5 | B96: CPU/ PRÓPRIO | C96: 33 | D96: Revisão de ponto de tomada dupla com reposição da tomada e fiação | E96: PT | F96: =MEMÓRIA_!B335 -> 3 | G96: ='CPU '!H155 -> 112.63 | H96: =ROUND(((($I$12/100)+1)*G96),2) -> 140.69 | I96: =ROUND((H96*F96),2) -> 422.07 | J96: =I96/$I$15 -> 0.00074389648
A97: 3.5.6.6 | B97: CPU/ PRÓPRIO | C97: 34 | D97: Revisão de ponto de interruptor com tomada com reposição do interruptor/tomada e fiação | E97: PT | F97: =MEMÓRIA_!B339 -> 1 | G97: ='CPU '!H163 -> 106.17 | H97: =ROUND(((($I$12/100)+1)*G97),2) -> 132.62 | I97: =ROUND((H97*F97),2) -> 132.62 | J97: =I97/$I$15 -> 0.00023374216
A98: 3.6 | B98: FACHADA (com BDI) .............................................................................................................................................................................................................................. | I98: =ROUND((SUM(I99:I108)),2) -> 72355.34 | J98: =I98/$I$15 -> 0.12752596 | K98: =SUM(I99:I108) -> 72355.34
A99: 3.6.1 | B99: SINAPI | C99: 97631 | D99: DEMOLIÇÃO DE ARGAMASSAS, DE FORMA MANUAL, SEM REAPROVEITAMENTO. AF_12/2017 | E99: M2 | F99: =ROUND(MEMÓRIA_!B452,2) -> 681.36 | G99: 2.63 | H99: =ROUND(((($I$12/100)+1)*G99),2) -> 3.29 | I99: =ROUND((H99*F99),2) -> 2241.67 | J99: =I99/$I$15 -> 0.0039509333
A100: 3.6.2 | B100: CPU/ PRÓPRIO | C100: ='CPU '!B64 -> 23 | D100: Coleta e carga manuais de entulho | E100: M3 | F100: =ROUND(MEMÓRIA_!B456,2) -> 13.63 | G100: ='CPU '!H64 -> 17.27 | H100: =ROUND(((($I$12/100)+1)*G100),2) -> 21.57 | I100: =ROUND((H100*F100),2) -> 294 | J100: =I100/$I$15 -> 0.00051817368
A101: 3.6.3 | B101: SINAPI | C101: 95875 | D101: TRANSPORTE COM CAMINHÃO BASCULANTE DE 10 M³, EM VIA URBANA PAVIMENTADA, DMT ATÉ 30 KM (UNIDADE: M3XKM). AF_07/2020 | E101: M³xKM | F101: =ROUND(MEMÓRIA_!B458,2) -> 272.54 | G101: 2.3 | H101: =ROUND(((($I$12/100)+1)*G101),2) -> 2.87 | I101: =ROUND((H101*F101),2) -> 782.19 | J101: =I101/$I$15 -> 0.0013786064
A102: 3.6.4 | B102: SINAPI | C102: 87894 | D102: CHAPISCO APLICADO EM ALVENARIA (SEM PRESENÇA DE VÃOS) E ESTRUTURAS DE CONCRETO DE FACHADA, COM COLHER DE PEDREIRO. ARGAMASSA TRAÇO 1:3 COMPREPARO EM BETONEIRA 400L. AF_06/2014 | E102: M2 | F102: =ROUND(MEMÓRIA_!B462,2) -> 681.36 | G102: 5.66 | H102: =ROUND(((($I$12/100)+1)*G102),2) -> 7.07 | I102: =ROUND((H102*F102),2) -> 4817.22 | J102: =I102/$I$15 -> 0.0084903286
A103: 3.6.5 | B103: SINAPI | C103: 87792 | D103: MASSA ÚNICA EM ARGAMASSA TRAÇO 1:2:8, PREPARO MECÂNICO COM BETONEIRA 400 L, APLICADA MANUALMENTE EM PANOS CEGOS DE FACHADA (SEM PRESENÇA DE VÃOS), ESPESSURA DE 25 MM. AF_06/2014 | E103: M2 | F103: =ROUND(MEMÓRIA_!B474,2) -> 422.66 | G103: 33.39 | H103: =ROUND(((($I$12/100)+1)*G103),2) -> 41.71 | I103: =ROUND((H103*F103),2) -> 17629.15 | J103: =I103/$I$15 -> 0.031071298
A104: 3.6.6 | B104: CPU/ PRÓPRIO | C104: ='CPU '!B70 -> 24 | D104: Preparo de superfície com lixamento de paredes | E104: M2 | F104: =ROUND(MEMÓRIA_!B486,2) -> 432.76 | G104: ='CPU '!H70 -> 3.5 | H104: =ROUND(((($I$12/100)+1)*G104),2) -> 4.37 | I104: =ROUND((H104*F104),2) -> 1891.16 | J104: =I104/$I$15 -> 0.003333161
A105: 3.6.7 | B105: SINAPI | C105: 88489 | D105: APLICAÇÃO MANUAL DE PINTURA COM TINTA LÁTEX ACRÍLICA EM PAREDES, DUAS DEMÃOS. AF_06/2014 | E105: M2 | F105: =ROUND(MEMÓRIA_!B571,2) -> 1701.03 | G105: 11.7 | H105: =ROUND(((($I$12/100)+1)*G105),2) -> 14.61 | I105: =ROUND((H105*F105),2) -> 24852.05 | J105: =I105/$I$15 -> 0.043801627
A106: 3.6.8 | B106: CPU/ PRÓPRIO | C106: 35 | D106: APLICAÇÃO MANUAL DE PINTURA COM TINTA LÁTEX ACRÍLICA EM PAREDES, DUAS DEMÃOS. AF_06/2014 (AJUSTADA COM GUINDAUTO) - TORRES DE ILUMINAÇÃO | E106: M2 | F106: =MEMÓRIA_!B578 -> 168 | G106: ='CPU '!H171 -> 58.22 | H106: =ROUND(((($I$12/100)+1)*G106),2) -> 72.72 | I106: =ROUND((H106*F106),2) -> 12216.96 | J106: =I106/$I$15 -> 0.021532337
A107: 3.6.9 | B107: SINAPI | C107: 100717 | D107: LIXAMENTO MANUAL EM SUPERFÍCIES METÁLICAS EM OBRA. AF_01/2020 | E107: M2 | F107: =MEMÓRIA_!B585 -> 151.94 | G107: 7.83 | H107: =ROUND(((($I$12/100)+1)*G107),2) -> 9.78 | I107: =ROUND((H107*F107),2) -> 1485.97 | J107: =I107/$I$15 -> 0.0026190155
...

Sheet MEMÓRIA_
A7: OBRA: | C7: REFORMA DO ESTÁDIO JOSÉ CALVACANTI - ETAPA 02 | F7: MUNICÍPIO: | H7: PATOS - PB
A8: REPASSE: | C8: =ORÇAMENTO!C8 -> 911877.39 | F8: ENDEREÇO: | H8: RUA HORÁCIO NÓBREGA
F9: Nº CONTRATO: | H9: 1058030-80
A10: =ORÇAMENTO!A10 -> TOTAL GERAL LOTE 3: | C10: =ORÇAMENTO!C10 -> 567377.33
A11: MEMORIAL DE CÁLCULO
A13: LOTE - 3 SERVIÇOS DIVERSOS
A14: 3 | B14: PROJETO DE PREVENÇÃO E COMBATE A INCÊNDIO
A15: 3.1 | B15: LUMINÁRIAS E SINALIZAÇÕES
A16: 3.1.1 | B16: Placa de sinalizacao de seguranca contra incendio, fotoluminescente, quadrada, *20 x 20* cm, em pvc *2* mm anti-chamas (simbolos, cores e pictogramas conforme nbr 13434)
A17: = | B17: 12 | C17: (quantidade conforme indicado em desenhos)- und
A19: 3.1.2 | B19: Placa de sinalizacao de seguranca contra incendio, fotoluminescente, retangular, *12 x 40* cm, em pvc *2* mm anti-chamas (simbolos, cores e pictogramas conforme nbr 13434)
A20: = | B20: 103 | C20: (quantidade conforme indicado em desenhos) - und
A22: 3.1.3 | B22: LUMINÁRIA DE EMERGÊNCIA, COM 30 LÂMPADAS LED DE 2 W, SEM REATOR - FORNECIMENTO E INSTALAÇÃO. AF_02/2020
A23: = | B23: 18 | C23: (iluminação no pavimento subsolo)
A24: = | B24: 16 | C24: (iluminação no pavimento térreo)
A25: = | B25: 6 | C25: (iluminação no pavimento superior)
A26: = | B26: =B23+B24+B25 -> 40
B27: Forma analítica: | D27: 18,00 + 16,00 + 6,00 = 40,00 und
A29: 3.2 | B29: SISTEMA DE ALARME
A30: 3.2.1 | B30: Sirene aúdiovisual endereçavel, 120db, para alarme de incêndio
A31: = | B31: 1 | C31: (pavimento sub solo)
A32: = | B32: 4 | C32: (pavimento térreo)
A33: = | B33: 1 | C33: (pavimento superior)
A34: = | B34: =B33+B32+B31 -> 6
B35: Forma analítica: | D35: 1,00 + 4,00 + 1,00 = 6,00 und
A37: 3.2.2 | B37: Acionador manual (botoeira) tipo quebra-vidro, p/instal. Incendio
A38: = | B38: =B34 -> 6 | C38: (quantidade necessária segundo PPCI) - und
A40: 3.2.3 | B40: Central de alarme e detecção de incendio, capacidade: 8 laços, com 2 linhas, mod.VR-8L, Verin ou similar
A41: = | B41: 1 | C41: (quantidade necessária segundo PPCI) - und
A43: 3.3 | B43: GUARDA-PORPO E CORRIMÃO
A44: 3.3.1 | B44: ='CPU '!C36 -> Guarda-corpo em tubo de aço galvanizado (h=90 cm), com barras superior e laterais (contornos) de (1.1/2") e barra verticais quadrada (3/4") a cada 15cm - chumbados com parabolt - conforme PPCI
A45: = | B45: 2.6 | C45: (comprimento dos corrimãos das escadas nas muretas)
A46: = | B46: 22 | C46: (quantidade em todas as arquibancadas)
A47: = | B47: =5*2+5.25 -> 15.25 | C47: (guarda corpo por trás do gol - para proteção dos torcedores)
A48: = | B48: =B45*B46+B47 -> 72.45
B49: Forma analítica: (2,6 x 22) + 15,25 = 72,45 m
A50: 3.3.2 | B50: CORRIMÃO SIMPLES, DIÂMETRO EXTERNO = 1 1/2", EM AÇO GALVANIZADO. AF_04/2019_P
A51: = | B51: 9 | C51: (arquibancadas noroeste - m)
A52: = | B52: 4.72 | C52: (arquibancadas noroeste- m)
A53: = | B53: =2.48+1.75+0.45 -> 4.68 | C53: (arquibancadas noroeste - m)
A54: = | B54: =4.95 -> 4.95 | C54: (arquibancadas sudeste -m)
A55: = | B55: 3.28 | C55: (arquibancadas sudeste -m)
A56: = | B56: 4.25 | C56: (arquibancadas sudeste -m)
A57: = | B57: 13.03 | C57: (arquibancadas sudoeste -m) x2
A58: = | B58: 8.42 | C58: (arquibancadas sudoeste -m)
A59: = | B59: =B51+B52+B53+B54+B55+B56+B57*2+B58 -> 65.36
B60: Forma analítica: 9 + 4,72 + 4,68 + 4,95 + 3,28 + 4,25 + 13,03 +8,42 = 65,36 m
A61: 3.4 | B61: INSTALAÇÕES ELÉTRICAS DO PPCI
A62: 3.4.1 | B62: PONTO DE TOMADA RESIDENCIAL INCLUINDO TOMADA 10A/250V, CAIXA ELÉTRICA, ELETRODUTO, CABO, RASGO, QUEBRA E CHUMBAMENTO. AF_01/2016
A63: = | B63: =20+20+5 -> 45 | C63: (p/ todo o novo circuito que alimentará o PPCI)-de acordo com o projeto de inst. Elétricas) - m
A64: 3.4.2 | B64: ELETRODUTO FLEXÍVEL CORRUGADO, PVC, DN 25 MM (3/4"), PARA CIRCUITOS TERMINAIS, INSTALADO EM LAJE - FORNECIMENTO E INSTALAÇÃO. AF_12/2015
A65: = | B65: =348.3+291.4+30.8 -> 670.5 | C65: (p/ todo o novo circuito que alimentará o PPCI)-de acordo com o projeto de inst. Elétricas) - m
A66: 3.4.3 | B66: ELETRODUTO FLEXÍVEL CORRUGADO, PVC, DN 32 MM (1"), PARA CIRCUITOS TERMINAIS, INSTALADO EM LAJE - FORNECIMENTO E INSTALAÇÃO. AF_12/2015
A67: = | B67: 65.5 | C67: (p/ todo o novo circuito que alimentará o PPCI)-de acordo com o projeto de inst. Elétricas) - m
A68: 3.4.4 | B68: ELETRODUTO RÍGIDO ROSCÁVEL, PVC, DN 20 MM (1/2"), PARA CIRCUITOS TERMINAIS - FORNECIMENTO E INSTALAÇÃO. AF_12/2015
A69: = | B69: 1 | C69: (p/ todo o novo circuito que alimentará o PPCI)-de acordo com o projeto de inst. Elétricas) - m
A70: 3.4.5 | B70: ELETRODUTO RÍGIDO ROSCÁVEL, PVC, DN 25 MM (3/4"), PARA CIRCUITOS TERMINAIS - FORNECIMENTO E INSTALAÇÃO. AF_12/2015
A71: = | B71: 1 | C71: (p/ todo o novo circuito que alimentará o PPCI)-de acordo com o projeto de inst. Elétricas) - m
A72: 3.4.6 | B72: ELETRODUTO RÍGIDO ROSCÁVEL, PVC, DN 32 MM (1"), PARA CIRCUITOS TERMINAIS - FORNECIMENTO E INSTALAÇÃO. AF_12/2015
A73: = | B73: 114.2 | C73: (p/ todo o novo circuito que alimentará o PPCI)-de acordo com o projeto de inst. Elétricas) - m
A74: 3.4.7 | B74: ELETRODUTO RÍGIDO ROSCÁVEL, PVC, DN 40 MM (1 1/4"), PARA CIRCUITOS TERMINAIS - FORNECIMENTO E INSTALAÇÃO. AF_12/2015
A75: = | B75: 53.8 | C75: (p/ todo o novo circuito que alimentará o PPCI)-de acordo com o projeto de inst. Elétricas) - m
A76: 3.4.8 | B76: ELETRODUTO RÍGIDO ROSCÁVEL, PVC, DN 50 MM (1 1/2") - FORNECIMENTO E INSTALAÇÃO. AF_12/2015
A77: = | B77: 22.7 | C77: (p/ todo o novo circuito que alimentará o PPCI)-de acordo com o projeto de inst. Elétricas) - m
A78: 3.4.9 | B78: Curva 45° para eletroduto de pvc rígido roscável, diâm = 32mm (1")
A79: = | B79: 4 | C79: (p/ todo o novo circuito que alimentará o PPCI)-de acordo com o projeto de inst. Elétricas) - m
A80: 3.4.10 | B80: CURVA 90 GRAUS PARA ELETRODUTO, PVC, ROSCÁVEL, DN 20 MM (1/2"), PARA CIRCUITOS TERMINAIS, INSTALADA EM LAJE - FORNECIMENTO E INSTALAÇÃO. AF_12/2015
A81: = | B81: 2 | C81: (p/ todo o novo circuito que alimentará o PPCI)-de acordo com o projeto de inst. Elétricas) - m
A82: 3.4.11 | B82: LUVA PARA ELETRODUTO, PVC, ROSCÁVEL, DN 20 MM (1/2"), PARA CIRCUITOS TERMINAIS, INSTALADA EM LAJE - FORNECIMENTO E INSTALAÇÃO. AF_12/2015
A83: = | B83: 2 | C83: (p/ todo o novo circuito que alimentará o PPCI)-de acordo com o projeto de inst. Elétricas) - m
A84: 3.4.12 | B84: LUVA PARA ELETRODUTO, PVC, ROSCÁVEL, DN 32 MM (1"), PARA CIRCUITOS TERMINAIS, INSTALADA EM LAJE - FORNECIMENTO E INSTALAÇÃO. AF_12/2015
A85: = | B85: 37 | C85: (p/ todo o novo circuito que alimentará o PPCI)-de acordo com o projeto de inst. Elétricas) - m
A86: 3.4.13 | B86: LUVA PARA ELETRODUTO, PVC, ROSCÁVEL, DN 40 MM (1 1/4"), PARA CIRCUITOS TERMINAIS, INSTALADA EM LAJE - FORNECIMENTO E INSTALAÇÃO. AF_12/2015
A87: = | B87: 16 | C87: (p/ todo o novo circuito que alimentará o PPCI)-de acordo com o projeto de inst. Elétricas) - m
A88: 3.4.14 | B88: LUVA PARA ELETRODUTO, PVC, ROSCÁVEL, DN 50 MM (1 1/2") - FORNECIMENTO E INSTALAÇÃO. AF_12/2015
A89: = | B89: 7 | C89: (p/ todo o novo circuito que alimentará o PPCI)-de acordo com o projeto de inst. Elétricas) - m
A90: 3.4.15 | B90: LUVA DE EMENDA PARA ELETRODUTO, AÇO GALVANIZADO, DN 25 MM (1''), APARENTE, INSTALADA EM TETO - FORNECIMENTO E INSTALAÇÃO. AF_11/2016_P
A91: = | B91: 10 | C91: (p/ todo o novo circuito que alimentará o PPCI)-de acordo com o projeto de inst. Elétricas) - m
A92: 3.4.16 | B92: LUVA DE EMENDA PARA ELETRODUTO, AÇO GALVANIZADO, DN 40 MM (1 1/2''), APARENTE, INSTALADA EM TETO - FORNECIMENTO E INSTALAÇÃO. AF_11/2016_P
A93: = | B93: 2 | C93: (p/ todo o novo circuito que alimentará o PPCI)-de acordo com o projeto de inst. Elétricas) - m
A94: 3.4.17 | B94: CABO DE COBRE FLEXÍVEL ISOLADO, 2,5 MM², ANTI-CHAMA 0,6/1,0 KV, PARA CIRCUITOS TERMINAIS - FORNECIMENTO E INSTALAÇÃO. AF_12/2015
A95: = | B95: =941.5+92.3 -> 1033.8 | C95: (p/ todo o novo circuito que alimentará o PPCI)-de acordo com o projeto de inst. Elétricas) - m
A96: 3.4.18 | B96: CABO DE COBRE FLEXÍVEL ISOLADO, 4,0 MM², ANTI-CHAMA 0,6/1,0 KV, PARA CIRCUITOS TERMINAIS - FORNECIMENTO E INSTALAÇÃO. AF_12/2015
A97: = | B97: =1295.7+932.8 -> 2228.5 | C97: (p/ todo o novo circuito que alimentará o PPCI)-de acordo com o projeto de inst. Elétricas) - m
A98: 3.4.19 | B98: CABO DE COBRE FLEXÍVEL ISOLADO, 6,0 MM², ANTI-CHAMA 0,6/1,0 KV, PARA CIRCUITOS TERMINAIS - FORNECIMENTO E INSTALAÇÃO. AF_12/2015
A99: = | B99: =625+40 -> 665 | C99: (p/ todo o novo circuito que alimentará o PPCI)-de acordo com o projeto de inst. Elétricas) - m
A100: 3.4.20 | B100: CABO DE COBRE FLEXÍVEL ISOLADO, 16 MM², ANTI-CHAMA 0,6/1,0 KV, PARA CIRCUITOS TERMINAIS - FORNECIMENTO E INSTALAÇÃO. AF_12/2015
A101: = | B101: 30.6 | C101: (p/ todo o novo circuito que alimentará o PPCI)-de acordo com o projeto de inst. Elétricas) - m
A102: 3.4.21 | B102: CAIXA DE INSPECAO PARA ATERRAMENTO OU OUTRO USO, EM PVC, DN = 250 X 250 MM
A103: = | B103: =3+1+1 -> 5 | C103: (p/ todo o novo circuito que alimentará o PPCI)-de acordo com o projeto de inst. Elétricas) - m
A104: 3.4.22 | B104: CAIXA DE INSPECAO PARA ATERRAMENTO OU OUTRO USO, EM PVC, DN = 300 X *300* MM
A105: = | B105: 3 | C105: (p/ todo o novo circuito que alimentará o PPCI)-de acordo com o projeto de inst. Elétricas) - m
A106: 3.4.23 | B106: DISJUNTOR MONOPOLAR TIPO DIN, CORRENTE NOMINAL DE 10A - FORNECIMENTO E INSTALAÇÃO. AF_10/2020
A107: = | B107: 6 | C107: (p/ todo o novo circuito que alimentará o PPCI)-de acordo com o projeto de inst. Elétricas) - m
A108: 3.4.24 | B108: DISJUNTOR MONOPOLAR TIPO DIN, CORRENTE NOMINAL DE 20A - FORNECIMENTO E INSTALAÇÃO. AF_10/2020
A109: = | B109: 1 | C109: (p/ todo o novo circuito que alimentará o PPCI)-de acordo com o projeto de inst. Elétricas) - m
A110: 3.4.25 | B110: DISJUNTOR MONOPOLAR TIPO DIN, CORRENTE NOMINAL DE 25A - FORNECIMENTO E INSTALAÇÃO. AF_10/2020
A111: = | B111: 1 | C111: (p/ todo o novo circuito que alimentará o PPCI)-de acordo com o projeto de inst. Elétricas) - m
A112: 3.4.26 | B112: DISJUNTOR TRIPOLAR TIPO DIN, CORRENTE NOMINAL DE 50A - FORNECIMENTO E INSTALAÇÃO. AF_10/2020
A113: = | B113: 1 | C113: (p/ todo o novo circuito que alimentará o PPCI)-de acordo com o projeto de inst. Elétricas) - m
...

Sheet CPU 
A7: OBRA: | C7: REFORMA DO ESTÁDIO JOSÉ CALVACANTI - ETAPA 02 | E7: MUNICÍPIO: | G7: PATOS - PB
A8: REPASSE: | C8: =ORÇAMENTO!C8 -> 911877.39 | E8: ENDEREÇO: | G8: RUA HORÁCIO NÓBREGA
E9: Nº CONTRATO: | G9: 1058030-80
A10: =ORÇAMENTO!A10 -> TOTAL GERAL LOTE 3: | C10: =ORÇAMENTO!C10 -> 567377.33 | E10: DATA BASE: | F10: SINAPI SEM DESONERAÇÃO | H10: 44958
A11: =UPPER("Composições Analíticas com Preço Unitário") -> COMPOSIÇÕES ANALÍTICAS COM PREÇO UNITÁRIO
A12: ENCARGOS SOCIAIS DESONERADOS: 85,70%(HORA) | G12: BDI (%): | H12: =ROUND((BDI!$E$22)*100,2) -> 24.91
A14: TIPO ITEM | B14: FONTE | C14: CÓD. | D14: DISCRIMINAÇÃO | E14: UND | F14: QUANT. | G14: VALOR UNIT. | H14: SUB-TOTAL (R$)
A15: LOTE - 3 SERVIÇOS DIVERSOS
A16: CPU: | B16: 17 | C16: Sirene aúdiovisual endereçavel, 120db, para alarme de incêndio | G16: UND | H16: =ROUND(SUM(H18:H21),2) -> 203.07
A17: MÃO DE OBRA
A18: COMPOSIÇÃO | B18: SINAPI | C18: 88264 | D18: ELETRICISTA COM ENCARGOS COMPLEMENTARES | E18: H | F18: 0.7 | G18: 22.26 | H18: =(F18*G18) -> 15.582
A19: COMPOSIÇÃO | B19: SINAPI | C19: 88316 | D19: SERVENTE COM ENCARGOS COMPLEMENTARES | E19: H | F19: 0.7 | G19: 17.27 | H19: =(F19*G19) -> 12.089
A20: MATERIAIS
A21: INSUMO | B21: ORSE | C21: 12665 | D21: Sirene audiovisual endereçavel, 120 db, para alarme de incêndio | E21: UND | F21: 1 | G21: 175.4 | H21: =(F21*G21) -> 175.4
A22: FONTE: 11824/ORSE
A23: CPU: | B23: 18 | C23: Acionador manual (botoeira) tipo quebra-vidro, p/instal. Incendio | G23: UND | H23: =ROUND(SUM(H25:H28),2) -> 135.61
A24: MÃO DE OBRA
A25: COMPOSIÇÃO | B25: SINAPI | C25: 88264 | D25: ELETRICISTA COM ENCARGOS COMPLEMENTARES | E25: H | F25: 0.5 | G25: 22.26 | H25: =(F25*G25) -> 11.13
A26: COMPOSIÇÃO | B26: SINAPI | C26: 88316 | D26: SERVENTE COM ENCARGOS COMPLEMENTARES | E26: H | F26: 0.5 | G26: 17.27 | H26: =(F26*G26) -> 8.635
A27: MATERIAIS
A28: INSUMO | B28: ORSE | C28: 7611 | D28: Acionador manual (botoeira) tipo quebra-vidro, p/incendio | E28: UND | F28: 1 | G28: 115.84 | H28: =(F28*G28) -> 115.84
A29: FONTE: 07861/ORSE
A30: CPU: | B30: 19 | C30: Central de alarme e detecção de incendio, capacidade: 8 laços, com 2 linhas, mod.VR-8L, Verin ou similar | G30: UND | H30: =ROUND(SUM(H32:H34),2) -> 418.7
A31: MÃO DE OBRA
A32: COMPOSIÇÃO | B32: SINAPI | C32: 88264 | D32: ELETRICISTA COM ENCARGOS COMPLEMENTARES | E32: H | F32: 1 | G32: 22.26 | H32: =(F32*G32) -> 22.26
A33: MATERIAIS
A34: INSUMO | B34: ORSE | C34: 7627 | D34: CENTRAL DE ALARME PARA 8 SETORES COM BATERIA | E34: UND | F34: 1 | G34: 396.44 | H34: =(F34*G34) -> 396.44
A35: FONTE: 08058/ORSE | INSUMOS SINAPI
A36: CPU: | B36: 20 | C36: Guarda-corpo em tubo de aço galvanizado (h=90 cm), com barras superior e laterais (contornos) de (1.1/2") e barra verticais quadrada (3/4") a cada 15cm - chumbados com parabolt - conforme PPCI | G36: M | H36: =ROUND((SUM(H37:H45)),2) -> 477.73
A37: INSUMO | B37: SINAPI | C37: 11002 | D37: ELETRODO REVESTIDO AWS - E6013, DIAMETRO IGUAL A 2,50 MM | E37: KG | F37: 0.172 | G37: 34.13 | H37: =F37*G37 -> 5.87036
A38: INSUMO | B38: SINAPI | C38: 1332 | D38: CHAPA DE ACO GROSSA, ASTM A36, E = 3/8 " (9,53 MM) 74,69 KG/M2 | E38: KG | F38: =0.045*0.045*7*74.69 -> 1.0587308 | G38: 9.04 | H38: =F38*G38 -> 9.570926
A39: INSUMO | B39: SINAPI | C39: 11964 | D39: PARAFUSO DE ACO TIPO CHUMBADOR PARABOLT, DIAMETRO 3/8", COMPRIMENTO 75 MM | E39: UN | F39: =3.333*7 -> 23.331 | G39: 2.55 | H39: =F39*G39 -> 59.49405
A40: INSUMO | B40: SINAPI | C40: 21009 | D40: TUBO ACO GALVANIZADO COM COSTURA, CLASSE LEVE, DN 20 MM ( 3/4"), E = 2,25 MM, *1,3*KG/M (NBR 5580) | E40: M | F40: =6*1.1 -> 6.6 | G40: 26.67 | H40: =F40*G40 -> 176.022
A41: INSUMO | B41: SINAPI | C41: 21013 | D41: TUBO ACO GALVANIZADO COM COSTURA, CLASSE LEVE, DN 40 MM ( 1 1/2"), E = 3,00 MM, *3,48* KG/M (NBR 5580) | E41: M | F41: =(2.6+1.1+1.1)/2.6 -> 1.8461538 | G41: 75.26 | H41: =F41*G41 -> 138.94154
A42: COMPOSICAO | B42: SINAPI | C42: 88317 | D42: SOLDADOR COM ENCARGOS COMPLEMENTARES | E42: H | F42: 0.5 | G42: 23.5 | H42: =F42*G42 -> 11.75
A43: COMPOSICAO | B43: SINAPI | C43: 88315 | D43: SERRALHEIRO COM ENCARGOS COMPLEMENTARES | E43: H | F43: 0.5 | G43: 21.82 | H43: =F43*G43 -> 10.91
A44: COMPOSICAO | B44: SINAPI | C44: 88309 | D44: PEDREIRO COM ENCARGOS COMPLEMENTARES | E44: H | F44: 1 | G44: 22 | H44: =F44*G44 -> 22
A45: COMPOSICAO | B45: SINAPI | C45: 88316 | D45: SERVENTE COM ENCARGOS COMPLEMENTARES | E45: H | F45: 2.5 | G45: 17.27 | H45: =F45*G45 -> 43.175
D46: FONTE: 13020/ORSE
A47: CPU: | B47: 21 | C47: Curva 45° para eletroduto de pvc rígido roscável, diâm = 32mm (1") | G47: UND | H47: =ROUND(SUM(H49:H52),2) -> 7.29
A48: MÃO DE OBRA
A49: COMPOSIÇÃO | B49: SINAPI | C49: 88264 | D49: ELETRICISTA COM ENCARGOS COMPLEMENTARES | E49: H | F49: 0.13 | G49: 22.26 | H49: =(F49*G49) -> 2.8938
A50: COMPOSIÇÃO | B50: SINAPI | C50: 88316 | D50: SERVENTE COM ENCARGOS COMPLEMENTARES | E50: H | F50: 0.13 | G50: 17.27 | H50: =(F50*G50) -> 2.2451
A51: MATERIAIS
A52: INSUMO | B52: ORSE | C52: 12134 | D52: Curva 45° eletroduto pvc roscável, d=1 | E52: UND | F52: 1 | G52: 2.15 | H52: =(F52*G52) -> 2.15
A53: FONTE: 11264//ORSE | INSUMOS SINAPI
A55: CPU: | B55: 22 | C55: Quadro de distribuição de embutir, em chapa de aço, para até 08 disjuntores, com barramento, padrão DIN, exclusive disjuntores | G55: UND | H55: =ROUND(SUM(H57:H62),2) -> 228.74
A56: MÃO DE OBRA
A57: COMPOSIÇÃO | B57: SINAPI | C57: 88309 | D57: PEDREIRO COM ENCARGOS COMPLEMENTARES | E57: H | F57: 0.4 | G57: 22 | H57: =(F57*G57) -> 8.8
A58: COMPOSIÇÃO | B58: SINAPI | C58: 88316 | D58: SERVENTE COM ENCARGOS COMPLEMENTARES | E58: H | F58: 0.6 | G58: 17.27 | H58: =(F58*G58) -> 10.362
A59: COMPOSIÇÃO | B59: SINAPI | C59: 88264 | D59: ELETRICISTA COM ENCARGOS COMPLEMENTARES | E59: H | F59: 1.6 | G59: 22.26 | H59: =(F59*G59) -> 35.616
A60: MATERIAIS
A61: COMPOSIÇÃO | B61: SINAPI | C61: 87296 | D61: Argamassa traço 1:3:12 (em volume de cimento, cal e areia média úmida) para emboço/massa única/assentamento de alvenaria de vedação, preparo mecânico com betoneira 600 l. af_08/2019 | E61: M3 | F61: 0.004 | G61: 456.41 | H61: =(F61*G61) -> 1.82564
A62: INSUMO | B62: SINAPI | C62: 39805 | D62: QUADRO DE DISTRIBUICAO, EM PVC, DE EMBUTIR, COM BARRAMENTO TERRA / NEUTRO, PARA 12 DISJUNTORES NEMA OU 16 DISJUNTORES DIN | E62: UND | F62: 1 | G62: 172.14 | H62: =(F62*G62) -> 172.14
A63: FONTE: 12222/ORSE | INSUMOS SINAPI
A64: CPU: | B64: 23 | C64: Coleta e carga manuais de entulho | G64: M3 | H64: =ROUND(SUM(H66:H68),2) -> 17.27
A65: MÃO DE OBRA
A66: COMPOSIÇÃO | B66: SINAPI | C66: 88316 | D66: SERVENTE COM ENCARGOS COMPLEMENTARES | E66: H | F66: 1 | G66: 17.27 | H66: =(F66*G66) -> 17.27
A67: MATERIAIS
A69: FONTE: 00026/ORSE | INSUMOS SINAPI
A70: CPU: | B70: 24 | C70: Preparo de superfície com lixamento de paredes e tetos | G70: M2 | H70: =ROUND(SUM(H72:H74),2) -> 3.5
A71: MÃO DE OBRA
A72: COMPOSIÇÃO | B72: SINAPI | C72: 88310 | D72: PINTOR COM ENCARGOS COMPLEMENTARES | E72: H | F72: 0.14 | G72: 23.21 | H72: =(F72*G72) -> 3.2494
A73: MATERIAIS
A74: INSUMO | B74: SINAPI | C74: 3767 | D74: LIXA EM FOLHA PARA PAREDE OU MADEIRA, NUMERO 120 (COR VERMELHA) | E74: UND | F74: 0.25 | G74: 1.01 | H74: =(F74*G74) -> 0.2525
A75: FONTE: 02344/ORSE | INSUMOS SINAPI
A76: CPU: | B76: 25 | C76: REVISÃO DE PONTO DE ÁGUA | G76: PT | H76: =ROUND((SUM(H77:H81)),2) -> 78.23
A77: COMPOSICAO | B77: SINAPI | C77: 88267 | D77: ENCANADOR OU BOMBEIRO HIDRÁULICO COM ENCARGOS COMPLEMENTARES | E77: H | F77: 1.275 | G77: 21.47 | H77: =F77*G77 -> 27.37425
A78: COMPOSICAO | B78: SINAPI | C78: 88316 | D78: SERVENTE COM ENCARGOS COMPLEMENTARES | E78: H | F78: 1.41 | G78: 17.27 | H78: =F78*G78 -> 24.3507
A79: INSUMO | B79: SINAPI | C79: 122 | D79: ADESIVO PLASTICO PARA PVC, FRASCO COM 850 GR | E79: UN | F79: 0.174 | G79: 53.86 | H79: =F79*G79 -> 9.37164
A80: INSUMO | B80: SINAPI | C80: 3501 | D80: JOELHO, PVC SOLDAVEL, 45 GRAUS, 32 MM, PARA AGUA FRIA PREDIAL | E80: UN | F80: 0.1 | G80: 4.82 | H80: =F80*G80 -> 0.482
A81: INSUMO | B81: SINAPI | C81: 9869 | D81: TUBO PVC, SOLDAVEL, DN 32 MM, AGUA FRIA (NBR-5648) | E81: M | F81: 1.598 | G81: 10.42 | H81: =F81*G81 -> 16.65116
D82: FONTE: 1201/ORSE
A83: CPU: | B83: 26 | C83: REVISÃO DE PONTO DE ESGOTO | G83: PT | H83: =ROUND((SUM(H84:H88)),2) -> 103
A84: COMPOSICAO | B84: SINAPI | C84: 88267 | D84: ENCANADOR OU BOMBEIRO HIDRÁULICO COM ENCARGOS COMPLEMENTARES | E84: H | F84: 1.04 | G84: 21.47 | H84: =F84*G84 -> 22.3288
A85: COMPOSICAO | B85: SINAPI | C85: 88316 | D85: SERVENTE COM ENCARGOS COMPLEMENTARES | E85: H | F85: 0.95 | G85: 17.27 | H85: =F85*G85 -> 16.4065
A86: INSUMO | B86: SINAPI | C86: 122 | D86: ADESIVO PLASTICO PARA PVC, FRASCO COM 850 GR | E86: UN | F86: 0.08 | G86: 53.86 | H86: =F86*G86 -> 4.3088
A87: INSUMO | B87: SINAPI | C87: 1863 | D87: CURVA CURTA PVC, PB, JE, 90 GRAUS, DN 100 MM, PARA REDE COLETORA ESGOTO (NBR 10569) | E87: UN | F87: 0.3 | G87: 65.33 | H87: =F87*G87 -> 19.599
A88: INSUMO | B88: SINAPI | C88: 36365 | D88: TUBO COLETOR DE ESGOTO PVC, JEI, DN 100 MM (NBR 7362) | E88: M | F88: 0.9 | G88: 44.84 | H88: =F88*G88 -> 40.356
D89: FONTE: 1681/ORSE
A90: CPU: | B90: 27 | C90: Lavatório com bancada em granito cinza andorinha, e = 2,5cm, dim 2.40x0.60, com 03 cubas de embutir de louça, sifão ajustável metalizado, válvula cromada, torneira cromada alta com arejador, inclusive rodopia 10 cm e testeira de 5 cm, assentada | G90: UND | H90: =ROUND((SUM(H91:H103)),2) -> 2824.85
A91: INSUMO | B91: SINAPI | C91: 20269 | D91: CUBA DE EMBUTIR, OVAL, DE LOUCA BRANCA, SEM LADRAO, DIMENSOES *50 X 35* CM (L X C) | E91: un | F91: 3 | G91: 96.21 | H91: =F91*G91 -> 288.63
A92: INSUMO | B92: SINAPI | C92: 36791 | D92: TORNEIRA CROMADA DE MESA PARA LAVATORIO, BICA ALTA, COM AREJADOR (REF 1195) | E92: un | F92: 3 | G92: 127.06 | H92: =F92*G92 -> 381.18
A93: INSUMO | B93: SINAPI | C93: 37588 | D93: VALVULA DE ESCOAMENTO PARA TANQUE, EM METAL CROMADO, 1.1/2 ", SEM LADRAO, COM TAMPAO PLASTICO | E93: un | F93: 3 | G93: 51.9 | H93: =F93*G93 -> 155.7
A94: INSUMO | B94: SINAPI | C94: 11795 | D94: GRANITO PARA BANCADA, POLIDO, TIPO ANDORINHA/ QUARTZ/ CASTELO/ CORUMBA OU OUTROS EQUIVALENTES DA REGIAO, E= *2,5* CM | E94: m2 | F94: 1.44 | G94: 407.54 | H94: =F94*G94 -> 586.8576
A95: INSUMO | B95: SINAPI | C95: 20231 | D95: RODABANCADA EM GRANITO, POLIDO, TIPO ANDORINHA/ QUARTZ/ CASTELO/ CORUMBA OU OUTROS EQUIVALENTES DA REGIAO, H= 10 CM, E= *2,0* CM | E95: m | F95: 2.4 | G95: 40.18 | H95: =F95*G95 -> 96.432
A96: INSUMO | B96: SINAPI | C96: 20231 | D96: TESTEIRA EM GRANITO, POLIDO, TIPO ANDORINHA/ QUARTZ/ CASTELO/ CORUMBA OU OUTROS EQUIVALENTES DA REGIAO, H= 10 CM, E= *2,0* CM | E96: m | F96: 1.8 | G96: 40.18 | H96: =F96*G96 -> 72.324
A97: INSUMO | B97: SINAPI | C97: 38605 | D97: ABERTURA PARA ENCAIXE DE CUBA OU LAVATORIO EM BANCADA DE MARMORE/ GRANITO OU OUTRO TIPO DE PEDRA NATURAL | E97: un | F97: 3 | G97: 113.72 | H97: =F97*G97 -> 341.16
A98: INSUMO | B98: SINAPI | C98: 38633 | D98: FURO PARA TORNEIRA OU OUTROS ACESSORIOS EM BANCADA DE MARMORE/ GRANITO OU OUTRO TIPO DE PEDRA NATURAL | E98: un | F98: 3 | G98: 17.05 | H98: =F98*G98 -> 51.15
A99: INSUMO | B99: SINAPI | C99: 11683 | D99: ENGATE / RABICHO FLEXIVEL INOX 1/2 " X 30 CM | E99: UN | F99: 3 | G99: 37.83 | H99: =F99*G99 -> 113.49
A100: INSUMO | B100: SINAPI | C100: 6136 | D100: SIFAO EM METAL CROMADO PARA PIA OU LAVATORIO, 1 X 1.1/2 " | E100: UN | F100: 3 | G100: 164.99 | H100: =F100*G100 -> 494.97
A101: COMPOSICAO | B101: SINAPI | C101: 88316 | D101: SERVENTE COM ENCARGOS COMPLEMENTARES | E101: H | F101: 4 | G101: 17.27 | H101: =F101*G101 -> 69.08
A102: COMPOSICAO | B102: SINAPI | C102: 88309 | D102: PEDREIRO COM ENCARGOS COMPLEMENTARES | E102: H | F102: 4 | G102: 22 | H102: =F102*G102 -> 88
A103: COMPOSICAO | B103: SINAPI | C103: 88267 | D103: ENCANADOR OU BOMBEIRO HIDRÁULICO COM ENCARGOS COMPLEMENTARES | E103: H | F103: 4 | G103: 21.47 | H103: =F103*G103 -> 85.88
A104: FONTE: 12278/ORSE | PRÓPRIA | INSUMOS SINAPI
A105: CPU: | B105: 28 | C105: Lavatório com bancada em granito cinza andorinha, e = 2,5cm, dim 1.50x0.60, com 02 cubas de embutir de louça, sifão ajustável metalizado, válvula cromada, torneira cromada alta com arejador, inclusive rodopia 10 cm e testeira de 5 cm, assentada | G105: UND | H105: =ROUND((SUM(H106:H118)),2) -> 1941.78
A106: INSUMO | B106: SINAPI | C106: 20269 | D106: CUBA DE EMBUTIR, OVAL, DE LOUCA BRANCA, SEM LADRAO, DIMENSOES *50 X 35* CM (L X C) | E106: un | F106: 2 | G106: 96.21 | H106: =F106*G106 -> 192.42
A107: INSUMO | B107: SINAPI | C107: 36791 | D107: TORNEIRA CROMADA DE MESA PARA LAVATORIO, BICA ALTA, COM AREJADOR (REF 1195) | E107: un | F107: 2 | G107: 127.06 | H107: =F107*G107 -> 254.12
A108: INSUMO | B108: SINAPI | C108: 37588 | D108: VALVULA DE ESCOAMENTO PARA TANQUE, EM METAL CROMADO, 1.1/2 ", SEM LADRAO, COM TAMPAO PLASTICO | E108: un | F108: 2 | G108: 51.9 | H108: =F108*G108 -> 103.8
A109: INSUMO | B109: SINAPI | C109: 11795 | D109: GRANITO PARA BANCADA, POLIDO, TIPO ANDORINHA/ QUARTZ/ CASTELO/ CORUMBA OU OUTROS EQUIVALENTES DA REGIAO, E= *2,5* CM | E109: m2 | F109: 0.9 | G109: 407.54 | H109: =F109*G109 -> 366.786
...

Sheet COTAÇÃO 
A7: OBRA: | C7: REFORMA DO ESTÁDIO JOSÉ CALVACANTI - ETAPA 02 | H7: MUNICÍPIO: | J7: PATOS - PB
A8: COTAÇÕES
A9: LOTE -1 MODERNIZAÇÃO DO SISTEMA DE ILUMINAÇÃO
A10: COTAÇÃO | B10: 1
A20: LOTE -2 RECUPERAÇÃO ESTRUTURAL
A21: COTAÇÃO | B21: 2 | C21: Argamassa de Reparo SikaTop 108 Armatec - SIKA (Balde 4kg) | L21: MÉDIA | M21: =ROUND((K25+K54+K80)/3,2) -> 185.25
A22: E1. | B22: EMPRESA | E22: CONTATO | K22: VALOR: | M22: FRETE
A23: DISTRIBUIDOR SIKA | E23: Tel: | F23: (41) 3030-7051 | K23: 129.24 | M23: 64.81
A24: CNPJ: | E24: WhatsApp: | F24: 41 99962.2028 | K24: VALOR COM FRETE:
A25: LOCAL: | B25: Av. Desembargador Westphalen, 2356 - Curitiba - Rebouças - Paraná - Brasil | E25: Email: | F25: vendas1@distribuidorsika.com.br | K25: =K23+M23 -> 194.05
A26: LINK: | B26: https://distribuidorsika.com.br/sika-top-108-armatec-4kg-824?gclid=Cj0KCQjw1N2TBhCOARIsAGVHQc7oul29KZZ79EX_RZFf0GOrLHO3xJXwVtelm-Z_WVir7XmhSualdKkaAk_SEALw_wcB
A27: FOTO
A51: E2. | B51: EMPRESA | E51: CONTATO | K51: VALOR: | M51: FRETE
A52: FERREIRA COSTA & Cia LTDA | E52: Tel: | F52: 83 3219-5000 - Opção 2 | K52: 169 | M52: RETIRADA
A53: CNPJ: | B53: 10.230.480/0024-27 | E53: WhatsApp: | K53: VALOR COM FRETE:
A54: LOCAL: | B54: Rua Edson Falconi De Melo, nº 555 · Aeroclube, JOÃO PESSOA - PB, CEP 58036-500 | E54: Email: | F54: https://www.linkedin.com/company/ferreiracosta/?original_referer=https%3A%2F%2Fwww.ferreiracosta.com%2F | K54: =K52 -> 169
A55: LINK: | B55: https://www.ferreiracosta.com/Produto/538/impermeabilizante-sikatop-108-4kg-sika?region_id=666666&gclid=Cj0KCQjw1N2TBhCOARIsAGVHQc4txKXQzGtTg2s1qiW9rzAcHjewJEKlhd8YLnJTywQWlWXWoyQLrFoaAoSIEALw_wcB
A56: FOTO
A77: E3. | B77: EMPRESA | E77: CONTATO | K77: VALOR: | M77: FRETE
A78: ISMAFER Maquinas e Ferramentas | E78: Tel: | F78: (11) 4673-4878 | K78: 150.1 | M78: 42.6
A79: CNPJ: | B79: 08.492.961/0003-34 | E79: WhatsApp: | K79: VALOR COM FRETE:
A80: LOCAL: | B80: Av. Santos Dumont, 3390 - Cumbica, Guarulhos - SP, 07220-000 | E80: Email: | F80: sac@ismafer.com.br | K80: =K78+M78 -> 192.7
A81: LINK:
A82: FOTO
A104: COTAÇÃO | B104: 3 | C104: Argamassa de Reparo SikaTop 120 Armatec - SIKA (Balde 4Kg) | L104: MÉDIA | M104: =(K108) -> 14.722222
A105: E1. | B105: EMPRESA | E105: CONTATO | K105: VALOR: | M105: FRETE
A106: SIKA AS | E106: Tel: | F106: 0800 703 7340 | K106: =(265/18) -> 14.722222 | M106: 0
A107: CNPJ: | B107: 33.081.704/0001-95 | E107: WhatsApp: | F107: (11) 3687-4651 | K107: VALOR COM FRETE:
A108: LOCAL: | B108: Av. Dr. Alberto Jackson Byington, 1.525 Vila Menck – Osasco – SP | E108: Email: | F108: acsonov.alex@br.sika.com | K108: =(K106+M106) -> 14.722222
A109: LINK: | B109: https://bra.sika.com/
A110: FOTO
A132: COTAÇÃO ÚNICA - POR RECOMENDAÇÃO DO ENG. PERITO PELO PRODUTO SIKA TOP 120 E PELA FALTA DE PRODUTOS SIMILARES, TIVEMOS APENAS UMA COTAÇÃO COM O PRÓPRIO FORNECEDOR.
A149: E2. | B149: EMPRESA | E149: CONTATO | K149: VALOR: | M149: FRETE
A150: SLED COMERCIO DE MATERIAIS ELETRICOS - EIRELI | E150: Tel: | F150: (11) 5678-7018 | K150: 962.39 | M150: 96.13
A151: CNPJ: | B151: 33.779.899/0001-41 | E151: WhatsApp: | F151: (11) 93013-4566 | K151: VALOR COM FRETE:
A152: LOCAL: | B152: ALAMEDA DOS GUATAS, 477, SÃO PAULO - SP | E152: Email: | F152: comercial@sustentaled.com.br | K152: =K150+M150 -> 1058.52
A153: LINK: | B153: https://www.sustentaled.com.br/refletor-holofote-led-800w-smd-ip66-a-prova-dagua-branco-frio-6000k?utm_source=Site&utm_medium=GoogleMerchant&utm_campaign=GoogleMerchant&gclid=Cj0KCQjw1N2TBhCOARIsAGVHQc6RTycokTK0J6ZZfr6Eah_5zMYUG6w1MAgzo86KKHI85WEgB_8NFekaArbWEALw_wcB
A154: FOTO
A177: E3. | B177: EMPRESA | E177: CONTATO | K177: VALOR: | M177: FRETE
A178: COMPRA LED | E178: Tel: | F178: (11) 5581-8118 | K178: 962.39 | M178: 130.6
A179: CNPJ: | B179: 30.594.025/0001-21 | E179: WhatsApp: | F179: (11) 5581-8118 | K179: VALOR COM FRETE:
A180: LOCAL: | B180: Alameda Dos Guatas, SAUDE, SÃO PAULO - SP CEP 04.053-041 | E180: Email: | F180: comercial@compraled.com.br | K180: =K178+M178 -> 1092.99
A181: LINK: | B181: https://www.compraled.com.br/refletor-holofote-led-800w-smd-ip66-a-prova-dagua-branco-frio-6000k?utm_source=Site&utm_medium=GoogleMerchant&utm_campaign=GoogleMerchant
A182: FOTO

Sheet QCI
D2: Quadro de Composição do Investimento - QCI - OGU - Setor Público
B4: Emprendimento
B5: Pavimentação e Drenagem de Vias Urbanas
B7: Agente executor
B8: Ministério das Cidades | E8: -
B10: Programa | F10: Modalidade
B11: Planejamento Urbano | F11: Apoio à Política Nacional de Desenvolvimento Urbano
B13: Item | C13: Discriminação | E13: Investimento Total (R$) | H13: Total (R$)
E14: Recursos União | F14: Contrapartida | G14: Outras fontes | L14: =L15-E20 -> #REF!
B15: 1 | C15: Rua Altino Pereira Rodrigues | E15: =H15*$L$22 -> #REF! | F15: =H15-E15 -> #REF! | H15: =ORÇAMENTO!#REF! -> #REF! | L15: =300000 -> 300000
B16: 2 | C16: Rua José Pedro | E16: =H16*$L$22 -> #REF! | F16: =H16-E16 -> #REF! | H16: =ORÇAMENTO!#REF! -> #REF!
B17: 3 | C17: Rua Maria Bezerra da Nobrega | E17: =H17*$L$22 -> #REF! | F17: =H17-E17 -> #REF! | H17: =ORÇAMENTO!#REF! -> #REF!
B18: 4 | C18: Drenagem | E18: =H18*$L$22 -> #REF! | F18: =H18-E18 -> #REF! | H18: =ORÇAMENTO!#REF! -> #REF! | L18: 296419
B20: TOTAL | E20: =ROUND(SUM(E15:E19),2) -> #REF! | F20: =ROUND(SUM(F15:F19),2) -> #REF! | G20: 0 | H20: =ROUND((SUM(H15:I19)),2) -> #REF! | L20: =300000-L18 -> 3581
L22: =L18/H20 -> #REF!
I23: =H16+H17+H18 -> #REF! | L23: 1
L25: =H20-300000 -> #REF!

Sheet Relatório de Compatibilidade
B1: Relatório de Compatibilidade para PROJETO ASSUNÇÃO - PAVIMENTAÇÃO.xls
B2: Executar em 11/01/2019 16:35
B4: Os seguintes recursos desta pasta de trabalho não têm suporte em versões anteriores do Excel. Eles poderão ser perdidos ou prejudicados se você abrir esta pasta de trabalho em uma versão anterior do Excel ou salvá-la em um formato de arquivo anterior.
B6: Perda significativa de funcionalidade | E6: Núm. de ocorrências | F6: Versão
B8: Os efeitos neste objeto serão removidos. O texto que ultrapassar os limites deste gráfico aparecerá cortado. | E8: 5
E9: ORÇAMENTO MARCONDES BALDUINO'!A1:K49 | F9: Excel 97-2003
E10: ORÇAMENTO_ROBERTA BALDUINO'!A1:I48 | F10: Excel 97-2003
E11: ORÇAMENTO_PROJETADA'!A1:I48 | F11: Excel 97-2003
E12: ORÇAMENTO_JOSÉ_PEDRO'!A1:I48 | F12: Excel 97-2003
E13: QCI'!B2:L27 | F13: Excel 97-2003
B16: Perda insignificante de fidelidade
B18: Algumas fórmulas nesta pasta de trabalho estão vinculadas a outras pastas de trabalho que estão fechadas. Quando as fórmulas forem recalculadas em versões anteriores do Excel sem que as pastas de trabalho vinculadas sejam abertas, não será possível retornar caracteres além do limite de 255. | E18: 1
E19: CRONOGRAMA_CAIXA'!C18 | F19: Excel 97-2003
B21: Algumas células ou alguns estilos desta pasta de trabalho contêm formatação para a qual não há suporte no formato de arquivo selecionado. Esses formatos serão convertidos no formato mais próximo disponível. | E21: 10 | F21: Excel 97-2003

Sheet Relatório de Compatibilidade (1
B1: Relatório de Compatibilidade para PROJETO ASSUNÇÃO - PAVIMENTAÇÃO.xls
B2: Executar em 11/01/2019 16:36
B4: Os seguintes recursos desta pasta de trabalho não têm suporte em versões anteriores do Excel. Eles poderão ser perdidos ou prejudicados se você abrir esta pasta de trabalho em uma versão anterior do Excel ou salvá-la em um formato de arquivo anterior.
B6: Perda significativa de funcionalidade | E6: Núm. de ocorrências | F6: Versão
B8: Os efeitos neste objeto serão removidos. O texto que ultrapassar os limites deste gráfico aparecerá cortado. | E8: 5
E9: ORÇAMENTO MARCONDES BALDUINO'!A1:K49 | F9: Excel 97-2003
E10: ORÇAMENTO_ROBERTA BALDUINO'!A1:I48 | F10: Excel 97-2003
E11: ORÇAMENTO_PROJETADA'!A1:I48 | F11: Excel 97-2003
E12: ORÇAMENTO_JOSÉ_PEDRO'!A1:I48 | F12: Excel 97-2003
E13: QCI'!B2:L27 | F13: Excel 97-2003
B16: Perda insignificante de fidelidade
B18: Algumas fórmulas nesta pasta de trabalho estão vinculadas a outras pastas de trabalho que estão fechadas. Quando as fórmulas forem recalculadas em versões anteriores do Excel sem que as pastas de trabalho vinculadas sejam abertas, não será possível retornar caracteres além do limite de 255. | E18: 1
E19: CRONOGRAMA_CAIXA'!C18 | F19: Excel 97-2003
B21: Algumas células ou alguns estilos desta pasta de trabalho contêm formatação para a qual não há suporte no formato de arquivo selecionado. Esses formatos serão convertidos no formato mais próximo disponível. | E21: 10 | F21: Excel 97-2003
